 Dungeon Crawl Stone Soup version 0.27.1-33-g824d729ab1 (webtiles) character file.

Game seed: 18349563921370426332

2607 pkoi the Grappler (level 9, 0/74 HPs)
             Began as a Purple Draconian Gladiator on Dec 6, 2021.
             Slain by a troll (12 damage)
             ... on level 6 of the Dungeon.
             The game lasted 00:08:51 (7618 turns).

pkoi the Grappler (Purple Draconian Gladiator)      Turns: 7618, Time: 00:08:52

Health: 0/74       AC:  7    Str: 12    XL:     9   Next: 33%
Magic:  14/14      EV: 18    Int: 12    God:
Gold:   160        SH:  0    Dex: 18    Spells: 12/15 levels left

rFire    . . .     SeeInvis .   p - +7 morningstar "Areel" {speed, rElec rPois Will++ Str-5}
rCold    . . .     Faith    .   (no shield)
rNeg     . . .     Spirit   .   (armour unavailable)
rPois    +         Reflect  .   a - +0 hat
rElec    +         Harm     .   (no cloak)
rCorr    .         Rampage  .   (no gloves)
Will     +++..                  (no boots)
Stlth    ++........             (no amulet)
HPRegen  0.22/turn              j - +4 ring of evasion
MPRegen  0.14/turn              i - +6 ring of dexterity

@: no status effects
A: breathe power, AC +7, unfitting armour, cold-blooded
a: Breathe Dispelling Energy


You were on level 6 of the Dungeon.
You visited 1 branch of the dungeon, and saw 6 of its levels.
You also visited: Ossuary.

You collected 160 gold pieces.

Inventory:

Hand Weapons
 f - a +3 dagger of protection
 p - the +7 morningstar "Areel" (weapon) {speed, rElec rPois Will++ Str-5}
   (You found it on level 6 of the Dungeon)

   Attacks with this weapon are significantly faster.
   Str:       It affects your strength (-5).
   rElec:     It insulates you from electricity.
   rPois:     It protects you from poison.
   Will:      It greatly increases your willpower.
 q - a +2 dagger of venom
Missiles
 b - 3 throwing nets
 e - 4 boomerangs (quivered)
Armour
 a - a +0 hat (worn)
Jewellery
 c - a ring of wizardry
 i - a +6 ring of dexterity (right hand)
 j - a +4 ring of evasion (left hand)
 l - a ring of magical power
 n - a ring of protection from fire
 o - a ring of wizardry
Wands
 r - a wand of digging (6)
Scrolls
 d - 7 scrolls of identify
 g - a scroll of summoning
 k - a scroll of fog
 m - 2 scrolls of teleportation
Potions
 h - a potion of resistance


   Skills:
 + Level 5.1 Fighting
 - Level 1.7 Throwing
 + Level 4.6 Dodging
 * Level 10.4 Unarmed Combat
 + Level 3.6 Spellcasting
 + Level 3.6 Hexes


You had 12 spell levels left.
You knew the following spells:

 Your Spells              Type           Power      Damage    Failure   Level
a - Tukima's Dance        Hex            10%        N/A       16%         3

Your spell library contained the following spells:

 Spells                   Type           Power      Damage    Failure   Level
 Animate Dead             Necr           1%         N/A       93%         4
 Passage of Golubria      Tloc           N/A        N/A       93%         4
 Yara's Violent Unravell  Hex/Tmut       3%         3d4       97%         5
 Borgnjor's Vile Clutch   Necr/Erth      1%         N/A       100%        5
 Death Channel            Necr           1%         N/A       100%        6


Dungeon Overview and Level Annotations

Branches:
Dungeon (6/15)            Ossuary (visited)
 Temple: D:4-7

Altars:
Hepliaklqana
Sif Muna
Uskayaw
Xom
Zin

Annotations:
D:4 Duvessa


Innate Abilities, Weirdness & Mutations

You can breathe bolts of dispelling energy.
Your rich purple scales are hard. (AC +7)
You cannot fit into any form of body armour.
You are cold-blooded and may be slowed by cold attacks.


Message History

No target in view!
A troll comes into view.
Found a stone staircase leading down.
A troll is nearby!
A troll is nearby!
The troll shouts!
The troll closely misses you. The troll claws you!
The troll completely misses you.
You closely miss the troll. The troll bites you! The troll misses you.
The troll closely misses you.
You hit the troll.
You tail-slap the troll, but do no damage.
The troll is lightly wounded.
The troll bites you!
The troll claws you but does no damage. x2
You are too injured to fight recklessly!
You are too injured to fight recklessly!
You are too injured to fight recklessly!
You are too injured to fight recklessly!
You are too injured to fight recklessly!
You are too injured to fight recklessly!
You are too injured to fight recklessly!
You are too injured to fight recklessly!
You are too injured to fight recklessly!
Unknown command.
You hit the troll.
The troll is lightly wounded.
The troll bites you but does no damage. The troll claws you but does no damage.
The troll claws you!
* * * LOW HITPOINT WARNING * * *
You hit the troll. You tail-slap the troll.
The troll is moderately wounded.
The troll misses you. The troll claws you!
* * * LOW HITPOINT WARNING * * *
The troll barely misses you.
You thump the troll!
The troll is heavily wounded.
The troll bites you!
* * * LOW HITPOINT WARNING * * *
The troll claws you!
You die...

## ######.##8 .. ... .....
..##... .......#
####.......####.#....##
#............##T#......
##........##..##@....>..
#......##..#............
##....##..###.#..#..<...
.........# ##.#.....##..
...<..#..###.......## .
...##.##.#....#!.....# .. ##.....
....#..#....###..##......##......
............# ....##.............
.........#####...##.........#....


You could see a troll.

Vanquished Creatures
  Pikel (D:6)
  A wraith (Ossuary)
  An acid dragon (D:6)
  2 water moccasins (D:6)
  A hornet zombie (D:6)
  An ice beast (D:6)
  3 black bears
  2 necrophages (D:5)
  An ogre (D:5)
  2 centaurs
  2 lemures (D:6)
  2 bullfrogs (D:6)
  A scorpion (D:5)
  Dowan (D:4)
  A water moccasin skeleton (D:4)
  2 centaur zombies (D:6)
  A hound (D:4)
  An orc priest (D:6)
  A bullfrog skeleton (D:6)
  2 jellies (D:5)
  Jessica (D:2)
  3 iguanas
  4 orc wizards
  A scorpion zombie (D:3)
  A gnoll (D:1)
  3 adders
  An adder zombie (Ossuary)
  2 adder skeletons (D:3)
  A worm (D:4)
  3 dart slugs
  8 orcs
  6 endoplasms
  2 giant cockroaches
  5 goblins
  8 hobgoblins
  3 jackals (D:1)
  3 quokkas
  8 ball pythons
  A ball python skeleton (Ossuary)
  7 frilled lizards
  A hobgoblin skeleton (Ossuary)
  3 hobgoblin zombies (Ossuary)
  2 kobolds
  A kobold zombie (Ossuary)
  2 orc skeletons (Ossuary)
  An orc zombie (Ossuary)
  4 rats
114 creatures vanquished.

Vanquished Creatures (others)
  21 fungi (D:5)
21 creatures vanquished.

Grand Total: 135 creatures vanquished

Notes
Turn   | Place    | Note
-------+----------+-------------------------------------------
     0 | D:1      | pkoi the Draconian Gladiator began the quest for the Orb.
     0 | D:1      | Reached XP level 1. HP: 17/17 MP: 1/1
   119 | D:1      | Reached XP level 2. HP: 16/24 MP: 2/2
   303 | D:1      | Found a faded altar of an unknown god.
   311 | D:1      | Reached skill level 4 in Unarmed Combat
   473 | D:1      | Reached XP level 3. HP: 28/29 MP: 3/3
   698 | D:2      | Noticed Jessica
   716 | D:2      | Killed Jessica
  1169 | D:2      | Reached XP level 4. HP: 36/36 MP: 4/4
  1401 | D:2      | Reached skill level 5 in Unarmed Combat
  2293 | D:3      | Found a glowing silver altar of Zin.
  2802 | D:4      | Reached XP level 5. HP: 28/41 MP: 5/5
  2840 | D:3      | Reached skill level 6 in Unarmed Combat
  3081 | D:4      | Noticed Duvessa
  3082 | D:4      | Noticed Dowan
  3262 | D:4      | Found a sand-covered staircase.
  3271 | Ossuary  | Entered an ossuary
  3673 | Ossuary  | Noticed a flying skull
  3673 | Ossuary  | Noticed a wraith
  3715 | Ossuary  | Noticed a flying skull
  3723 | Ossuary  | Noticed a wraith
  3730 | Ossuary  | Killed a wraith
  3731 | Ossuary  | Reached skill level 7 in Unarmed Combat
  3731 | Ossuary  | Reached XP level 6. HP: 8/48 MP: 6/6
  4735 | D:4      | Reached skill level 8 in Unarmed Combat
  4735 | D:4      | Your scales start taking on a rich purple colour.
  4735 | D:4      | Reached XP level 7. HP: 49/55 MP: 7/7
  4850 | D:4      | Found a shimmering altar of Xom.
  5121 | D:4      | Killed Dowan
  5131 | D:5      | Entered Level 5 of the Dungeon
  5500 | D:5      | Reached skill level 9 in Unarmed Combat
  5756 | D:5      | Found a hide-covered altar of Uskayaw.
  5810 | D:5      | Learned a level 3 spell: Tukima's Dance
  5823 | D:5      | Reached XP level 8. HP: 63/63 MP: 8/8
  5986 | D:5      | Found a shimmering blue altar of Sif Muna.
  6145 | D:5      | Found a hazy altar of Hepliaklqana.
  6307 | D:6      | Reached skill level 1 in Spellcasting
  6307 | D:6      | Reached skill level 1 in Hexes
  6817 | D:6      | Identified the +7 morningstar "Areel" {speed, rElec rPois
                  | Will++ Str-5}
  7072 | D:6      | Noticed Pikel
  7112 | D:6      | Reached skill level 10 in Unarmed Combat
  7140 | D:6      | Reached XP level 9. HP: 57/72 MP: 13/13
  7218 | D:6      | Killed Pikel
  7219 | D:6      | Reached skill level 5 in Fighting
  7609 | D:6      | Noticed a troll
  7618 | D:6      | Slain by a troll

Illustrated notes

Levels and vault maps discovered:
D:1:      dpeg_arrival_line_fractal, layout_rooms, basic_ecumenical_altar,
          serial_glass, glass_columns_c, glass_columns_b,
          minmay_strange_pillars, palyth_stone_intersect
D:2:      layout_loops_corners, chequers_serial_rivers_room_b,
          kennysheep_jessica_study
D:3:      layout_basic, mainiacjoe_overflow_tiny_flanked, serial_undead,
          serial_undead_f, serial_undead_a, serial_undead_e, serial_undead_c,
          grunt_ministairs_15, st_stairs_11
D:4:      layout_cave_pools, nicolae_overflow_crystal_walls,
          nicolae_ossuary_entry_monument, kennysheep_generic_room_16,
          uniq_duvessa, uniq_natasha
D:5:      layout_loops_ring, amcnicky_altar_gilded, old_standard_altar,
          lemuel_blue_sif_altar, serial_aquarium, aquarium_bridge_long_joined
          [aquarium_subvault_wall, aquarium_subvault_bridge,
          aquarium_subvault_wall, aquarium_subvault_bridge,
          aquarium_subvault_wall, aquarium_subvault_window],
          aquarium_bridge_square [aquarium_subvault_window,
          aquarium_subvault_bridge, aquarium_subvault_bridge,
          aquarium_subvault_bridge], aquarium_window_2, aquarium_window_double,
          aquarium_window_fake, aquarium_view_2a, aquarium_view_2b
D:6:      layout_cave_pools, small_statue_intersection, kennysheep_diamond,
          uniq_pikel, uniq_edmund

Skill      XL: |  1  2  3  4  5  6  7  8  9 |
---------------+----------------------------+-----
Unarmed Combat | 4 5 7 8 9 10 | 10.4
Dodging        | 3 4 |  4.6
Fighting       | 3 4 5 |  5.1
Spellcasting   | 3 |  3.6
Hexes          | 3 |  3.6
Throwing       | |  1.7

Action                   |  1- 3 |  4- 6 |  7- 9 || total
-------------------------+-------+-------+-------++-------
Melee: Unarmed           |    71 |   130 |    99 ||   300
       Tailslap          |    13 |    29 |    28 ||    70
       Dagger            |    14 |    93 |       ||   107
       Punch             |       |     6 |     8 ||    14
       Morningstar       |       |       |    69 ||    69
Throw: Boomerang         |       |     6 |       ||     6
 Abil: Breathe Dispellin |       |       |     2 ||     2
  Use: Scroll            |       |     6 |     4 ||    10
       Potion            |       |     1 |     7 ||     8
 Stab: Sleeping          |     2 |     3 |     2 ||     7
Armor: Skin              |    19 |    65 |    52 ||   136
Dodge: Dodged            |    41 |   116 |   135 ||   292
